Map: Thunderbird LE

Players

Kingbenjamin

  • Race: Zerg Zerg
  • League: Diamond
  • Spawn Location: 5:00

DarwinAwdWnr - Winner!

  • Race: Zerg Zerg
  • League: Platinum
  • Spawn Location: 11:00

VOD

Have the link to the VOD?

Description

Time

  • Played on: June 29, 2019, 5:06 p.m.
  • Length: 9:03
Show
View Real Time Build Order
Export as new Build Order

Kingbenjamin Zerg 

Build Orders: Hatch First 

Get SALT Encoding   

  12  0:01  Drone  
  13  0:13  Overlord  
  13  0:18  Drone  
  14  0:31  Drone x2  
  14  0:35  Drone  
  17  0:46  Drone  
  18  0:57  Hatchery  
  18  0:59  Drone  
  18  1:09  Drone  
  19  1:17  Spawning Pool  
  18  1:19  Drone  
  19  1:29  Drone  
  19  1:32  Extractor  
  19  1:34  Extractor  
  18  1:43  Drone  
  19  1:53  Drone  
  20  2:03  Overlord  
  20  2:05  Queen  
  22  2:14  Drone x2  
  24  2:21  Drone  
  25  2:25  Roach Warren  
  25  2:26  Overlord  
  24  2:34  Queen  
  26  2:38  Drone  
  26  2:39  Drone  
  28  2:49  Drone x2  
  30  2:58  Overlord  
  30  3:00  Overlord  
  28  3:19  Drone x2  
  28  3:25  Roach x5  
  38  3:33  Drone  
  39  3:36  Roach  
  41  3:44  Roach x3  
  47  3:51  Roach x2  
  51  3:58  Roach x2  
  51  4:02  Roach  
  57  4:05  Roach  
  57  4:08  Drone  
  60  4:12  Overlord  
  60  4:29  Overlord  
  60  4:32  Drone x6  
  66  4:38  Lair  
  66  4:50  Drone x2  
  68  5:04  Roach  
  68  5:05  Roach x5  
  56  5:18  Spine Crawler  
  56  5:19  Spine Crawler  
  52  5:22  Roach x2  
  52  5:23  Roach x2  
  56  5:37  Roach  
  57  5:54  Roach  
  57  5:55  Overlord  
  57  5:56  Roach x5  
  69  6:03  Drone x2  
  71  6:07  Extractor x2  
  69  6:16  Drone  
  70  6:18  Roach  
  70  6:19  Roach x3  
  66  6:31  Drone x2  
  68  6:35  Drone x2  
  68  6:38  Spire  
  69  6:40  Drone x2  
  69  6:44  Drone  
  69  6:45  Drone  
  73  7:07  Drone x3  
  76  7:09  Ravager  
  76  7:11  Ravager x2  
  76  7:13  Ravager  
  80  7:16  Drone  
  81  7:25  Evolution Chamber  
  80  7:46  Hatchery  
  79  8:07  Roach  
  79  8:08  Roach  
  76  8:23  Roach  
  76  8:24  Roach x7  
  63  8:37  Roach  
  63  8:38  Roach x2  
Show
View Real Time Build Order
Export as new Build Order

DarwinAwdWnr Zerg - Winner!

Build Orders: Hatch First 

Get SALT Encoding   

  12  0:01  Drone  
  13  0:13  Drone  
  14  0:16  Overlord  
  14  0:35  Drone x2  
  16  0:50  Hatchery  
  16  0:55  Drone  
  16  0:57  Drone  
  16  1:02  Drone  
  18  1:09  Extractor  
  17  1:17  Spawning Pool  
  16  1:20  Drone  
  16  1:23  Drone  
  18  1:33  Drone  
  19  1:45  Drone  
  20  1:50  Overlord  
  20  2:04  Queen x2  
  20  2:05  Zergling x4  
  27  2:15  Drone x2  
  28  2:28  Drone x2  
  30  2:34  Drone  
  31  2:38  Metabolic Boost  
  31  2:51  Drone x3  
  31  2:56  Overlord x2  
  32  3:24  Drone x8  
  40  3:36  Zergling x4  
  42  3:43  Overlord x2  
  42  3:44  Baneling Nest  
  41  3:52  Zergling x4  
  43  3:56  Hatchery  
  43  4:01  Zergling x2  
  43  4:02  Zergling x6  
  46  4:16  Zergling x12  
  50  4:34  Spine Crawler  
  50  4:35  Roach Warren, Spine Crawler x2  
  50  4:38  Zergling x12  
  52  4:47  Zergling x2  
  52  4:48  Zergling x6  
  52  4:52  Zergling x2  
  57  5:02  Zergling x2  
  57  5:03  Zergling x2  
  54  5:10  Zergling x4  
  53  5:17  Zergling x2  
  53  5:18  Zergling x6  
  56  5:23  Zergling x10  
  60  5:41  Zergling x2  
  60  5:42  Zergling x8  
  63  5:48  Drone x5  
  64  5:51  Lair  
  64  5:54  Extractor  
  64  5:56  Drone x4  
  67  5:59  Queen  
  56  6:28  Drone x10  
  66  6:43  Extractor  
  66  6:44  Extractor  
  64  6:51  Glial Reconstitution  
  64  7:02  Nydus Network  
  64  7:03  Roach  
  64  7:04  Overlord  
  64  7:05  Overlord x3  
  65  7:22  Overlord  
  65  7:31  Roach x14  
  93  7:39  Nydus Canal  
  93  7:42  Roach  
  93  7:43  Roach x4  
  102  7:56  Nydus Canal  
  102  7:59  Roach  
  102  8:00  Overlord  
  102  8:01  Overlord  
  104  8:18  Roach x2  
  104  8:19  Overlord x3  
  89  8:29  Roach x5  
  92  8:40  Roach x4  
Tags
 
Add a new tag
Caveats
  • Supply blocks, unpowered buildings, or Contaminate may cause inaccurate times.
  • Supply counts are checked every 10 seconds.